AoeStats
← renatoherrera1999

Arabia

508746450Analyzed
1v1 RM · 8d ago on Sep 23, 2026· 33m 28s· 2 players
Game mode
Random Map
Map size
Tiny (2 player)
Population
200
Speed
Normal
Resources
Standard
Victory
Conquest
Starting age
Dark Age
Ending age
Imperial Age
RankedLock teamsTeams togetherTeam positionsShared explorationLock speedFull tech treeHidden civsTurbo modeCheats
Victory
Defeat
🇵🇪 Inca · Peru
348
+14
🇷🇴 Khmer · Romania
300
-14
Misu.Vlad
0:43 Loom
12:33 Feudal Age
20:31 Castle Age
24:49 Gold Mining
24:49 Double-Bit Axe
renatoherrera1999
10:43 Feudal Age
12:06 Double-Bit Axe
12:56 Loom
13:50 Wheelbarrow
12:42 Champi Runner
15:35 Town Watch
15:43 Town Watch
16:19 Scale Mail Armor
17:49 Horse Collar
19:24 Forging
26:23 Castle Age
25:35 Arson
27:57 Bow Saw
27:38 Gold Mining
27:23 Champi Warrior
28:21 Pikeman
30:25 Squires
Connection lost

Rejoining the realm…

Still unreachable

The connection could not be restored.

Session expired

The server has moved on; the page needs a fresh start.